 Dungeon Sprint DCSS version 0.30-a0-1112-gfb780f5df6 (webtiles) character file.

Game seed: 10982513636863284033

281 sircluck the Cleaver (level 6, 0/99 HPs)
             Began as a Hill Orc Berserker on Apr 19, 2023.
             Was a Priest of Trog.
             Slain by a shadow (15 damage)
             ... in the Dungeon (Sprint III: "The Ten Rune Challenge").
             The game lasted 00:01:52 (478 turns).

sircluck the Cleaver (Hill Orc Berserker)            Turns: 478, Time: 00:01:52

Health: 0/99       AC:  2    Str: 22    XL:     6   Next: 27%
Magic:  6/6        EV: 12    Int:  7    God:    Trog [***...]
Gold:   38         SH:  0    Dex: 10    Spells: 5/5 levels left

rFire   . . .      SeeInvis .    a - +0 hand axe
rCold   . . .      Faith    .    (no shield)
rNeg    . . .      Spirit   .    b - +0 animal skin
rPois   .          Reflect  .    (no helmet)
rElec   .          Rampage  .    (no cloak)
rCorr   .          NoTele   +    (no gloves)
Will    .....                    (no boots) Stlth
                                 (no amulet)
HPRegen 0.36/turn                (no ring)
MPRegen 0.10/turn                (no ring)

@: berserking, very quick
A: no striking features
a: Renounce Religion, Berserk, Trog's Hand


You were in the Dungeon.
You worshipped Trog.
Trog was most pleased with you.
You visited 1 branch You collected 38 gold pieces.

Inventory:

Hand Weapons
 a - a +0 hand axe (weapon)
Armour
 b - a +0 animal skin (worn)
Wands
 l - a wand of polymorph (6)
Scrolls
 d - a scroll of poison {unknown}
 h - a scroll of blinking
 i - 2 scrolls of identify {unknown}
 k - a scroll of torment {unknown}
Potions
 c - a potion of curing
 e - a potion of haste
 f - 2 potions of magic
 g - a potion of berserk rage
 j - 3 potions of flight


   Skills:
 + Level 9.9 Fighting
 + Level 11.4 Axes
 + Level 4.4 Armour
 + Level 4.0 Dodging


You had 5 spell levels left.
You didn't know any spells.
Your spell library was empty.

Dungeon Overview and Level Annotations

Branches:
Dungeon (1/1)

Altars:
Dithmenos
Ru
Yredelemnul


Message History

The shadow is moderately damaged.
You hit the jelly.
Your hands burn!
The shadow closely misses you. The jelly barely misses you.
You hit the shadow but do no damage.
The shadow is moderately damaged.
You slash the jelly!
Your hands burn!
You hit the shadow.
The shadow is heavily damaged.
You hit the jelly.
Your hands burn!
The shadow barely misses you. The jelly hits you.
You are splashed with acid!
A red film seems to cover your vision as you go berserk!
You feel yourself moving faster!
You feel mighty! The shadow hits you!
* * * LOW HITPOINT WARNING * * *
The jelly misses you.
You hit the shadow.
The shadow is heavily damaged.
You completely miss the jelly.
The shadow slips into darkness.
The shadow flickers and vanishes!
Deactivating autopickup; reactivate with Ctrl-A.
The jelly hits you but does no damage.
You slash something! You barely miss the jelly. You miss something.
You slash the jelly!
You kill the jelly!
Trog accepts your kill.
The shadow strikes at you from the darkness!
* * * LOW HITPOINT WARNING * * *
Reactivating autopickup.
Your Dodging skill increases to level 4!
You closely miss the shadow.
The shadow is almost destroyed.
You completely miss the shadow.
The shadow is almost destroyed.
The shadow slips into darkness.
The shadow flickers and vanishes!
Deactivating autopickup; reactivate with Ctrl-A.
You barely miss something. You miss something.
The shadow strikes at you from the darkness!
You die...

▓ ▓▓▓ ♣♣ ♣.# ####
.♣ ♣♣.# #__# ♣♣
..# #._#
♣♣♣♣♣.###+#+###)##
.♣..♣.#..........#
~♣♣.♣.'.⌠........#
~~~♣..#...######@#
~~....#.⌠.# #.{.#
~.....#...# #...#
......#+### #...#
......# #...+
......# +...#
▓▓▓▓▓▓▓ ▓▓▓▓▓


There were no monsters in sight!

Vanquished Creatures
  A water elemental (D)
  A necrophage (D)
  A scorpion (D)
  A jelly (D)
  Jessica (D)
  A necromancer (D)
  A human (D)
  An endoplasm (D)
  2 rats (D)
10 creatures vanquished.

Notes
Turn   | Place    | Note
-------+----------+-------------------------------------------
     0 | D        | sircluck the Hill Orc Berserker began the quest for the
                  | Orb.
     0 | D        | Reached XP level 1. HP: 19/19 MP: 1/1
    65 | D        | Noticed Jessica
    67 | D        | Reached ** piety under Trog
    69 | D        | Killed Jessica
    70 | D        | Reached skill level 5 in Fighting
    70 | D        | Reached skill level 6 in Axes
    70 | D        | Reached XP level 2. HP: 24/30 MP: 2/2
    70 | D        | Reached XP level 3. HP: 30/37 MP: 3/3
   111 | D        | Noticed a scorpion
   124 | D        | Killed a scorpion
   125 | D        | Reached skill level 8 in Axes
   125 | D        | Reached XP level 4. HP: 11/47 MP: 4/4
   129 | D        | HP: 2/47 [poisoned by a scorpion]
   143 | D        | HP: 2/47 [human (7)]
   323 | D        | Noticed a water elemental
   329 | D        | Killed a water elemental
   330 | D        | Reached skill level 9 in Axes
   330 | D        | Reached XP level 5. HP: 56/56 MP: 5/5
   386 | D        | Found a basalt altar of Yredelemnul.
   386 | D        | Found a shadowy altar of Dithmenos.
   386 | D        | Found a sacrificial altar of Ru.
   393 | D        | Reached *** piety under Trog
   394 | D        | Reached skill level 10 in Axes
   405 | D        | Reached skill level 11 in Axes
   405 | D        | Reached XP level 6. HP: 48/66 MP: 6/6
   464 | D        | Noticed a shadow
   478 | D        | Slain by a shadow

Illustrated notes

Levels and vault maps discovered:
D:        dungeon_sprint_mu [sprint_mu_entry_forest, sprint_mu_temple_rooms,
          sprint_mu_d1_horrors, sprint_mu_d2_genie, sprint_mu_d3_branching,
          sprint_mu_orc_legion, sprint_mu_elf_gauntlet, sprint_mu_hive_nellie,
          sprint_mu_lair_fedhas, sprint_mu_vaults_butterflies,
          sprint_mu_slime_circle, sprint_mu_swamp_cave, sprint_mu_shoals_archi,
          sprint_mu_blade_basic, sprint_mu_crypt_fortress,
          sprint_mu_tomb_spiral, sprint_mu_vestibule_basic,
          sprint_mu_gehenna_hellfire, sprint_mu_dis_giant,
          sprint_mu_tartarus_statrot, sprint_mu_cocytus_islands, sprint_mu_zot1]

Skill      XL: |  1  2  3  4  5  6 |
---------------+-------------------+-----
Fighting       | 5 7 8 9 |  9.9
Axes           | 6 8 9 11 | 11.4
Dodging        | 2 3 4 |  4.0
Armour         | 3 4 |  4.4

Action                     |  1- 3 |  4- 6 || total
---------------------------+-------+-------++-------
  Melee: Hand axe          |    18 |    54 ||    72
 Invoke: Berserk           |     1 |     2 ||     3
         Trog's Hand       |       |     1 ||     1
    Use: Potion            |       |     2 ||     2
 Armour: Animal skin       |     3 |     4 ||     7
  Dodge: Dodged            |     6 |    25 ||    31

Table legend: (Time is in decaauts)
 A = Elapsed time spent in this place.
 B = Non-inter-level travel time spent in this place.
 C = Inter-level travel time spent in this place.
 D = Time resting spent in this place.
 E = Time spent auto-exploring this place.
 F = Levels seen in this place.
 G = Mean time per level.
                   A        B        C        D        E       F      G
               +--------+--------+--------+--------+--------+-----+--------+
         Total |    488 |    488 |      0 |     56 |    309 |   1 |  488.0 |
       Dungeon |    488 |    488 |      0 |     56 |    309 |   1 |  488.0 |
               +--------+--------+--------+--------+--------+-----+--------+

Top non-repeatable levels by time:
       D: 488 daAuts
